 Dungeon Crawl Stone Soup version 0.21-a0-225-g207ae17 (webtiles) character file.

9527 trolled the Grappler (level 11, -8/166 HPs)
             Began as a Troll Monk on Aug 29, 2017.
             Was a High Priest of Okawaru.
             Mangled by a cyclops (28 damage)
             ... on level 9 of the Dungeon.
             The game lasted 00:17:36 (8008 turns).

trolled the Grappler (Troll Monk)                   Turns: 8008, Time: 00:17:37

Health: -8/166     AC:  7    Str: 28    XL:     11   Next: 24%
Magic:  23/23      EV: 10    Int:  6    God:    Okawaru [*****.]
Gold:   518        SH:  0    Dex: 13    Spells: 10/10 levels left

rFire    . . .     SeeInvis .     - Unarmed
rCold    . . .     Gourm    +   (no shield)
rNeg     . . .     Faith    .   G - +2 robe {MR+}
rPois    .         Spirit   .   (helmet restricted)
rElec    .         Reflect  .   (no cloak)
rCorr    .         Harm     .   (gloves unavailable)
MR       +....                  (boots unavailable)
Stlth    ..........             u - amulet of rage
HPRegen  0.77/turn              v - ring of magical power
MPRegen  0.18/turn              (no ring)

@: berserking (expiring), drained, very quick
A: unfitting armour, claws 3, fast metabolism 3, gourmand, regeneration 1,
shaggy fur 1, tough skin 2
a: Heroism, Finesse, Renounce Religion, Evoke Berserk Rage


You were on level 9 of the Dungeon.
You worshipped Okawaru.
Okawaru was extremely pleased with you.
You were not hungry.

You visited 2 branches of the dungeon, and saw 10 of its levels.
You also visited: Ossuary.

You collected 518 gold pieces.

Inventory:

Hand Weapons
 s - a +4 dire flail of protection
Missiles
 e - 206 stones (quivered)
 A - 2 throwing nets
Armour
 x - a +2 robe of cold resistance
 G - a +2 robe of magic resistance (worn)
 I - a +0 troll leather armour
Jewellery
 j - an uncursed amulet of magic regeneration
 l - an uncursed amulet of guardian spirit
 u - an amulet of rage (around neck)
 v - a ring of magical power (left claw)
Wands
 h - a wand of flame (23/48)
 w - a wand of random effects (33/48)
Scrolls
 a - 2 scrolls of recharging
 i - 4 scrolls of teleportation
 m - 2 scrolls of magic mapping
 o - a scroll of fog
 p - 4 scrolls of remove curse
 t - 2 scrolls of blinking
 y - 3 scrolls of identify
 F - a scroll of noise {unknown}
 H - a scroll of amnesia
Potions
 c - 4 potions of curing
 f - a potion of brilliance
 k - 3 potions of lignification
 n - a potion of degeneration
 q - a potion of invisibility
 r - 3 potions of might
 z - a potion of heal wounds
 B - 2 potions of berserk rage
 C - a potion of ambrosia
 D - a potion of mutation
 E - a potion of haste
Comestibles
 b - 8 bread rations
 d - 2 royal jellies
 g - 7 meat rations


   Skills:
 + Level 8.3(7.8) Fighting
 - Level 2.4(2.0) Dodging
 - Level 1.0(0.6) Stealth
 + Level 12.2(11.7) Unarmed Combat
 + Level 1.7(1.3) Invocations
 - Level 6.5(6.0) Evocations


You had 10 spell levels left.
You didn't know any spells.

Dungeon Overview and Level Annotations

Branches:
Dungeon (9/15)             Temple (1/1) D:4            Lair (0/6) D:9
    Orc: D:9-12

Altars:
Ashenzari
Cheibriados
Dithmenos
Elyvilon
Fedhas
Gozag
Hepliaklqana
Kikubaaqudgha
Makhleb
Nemelex Xobeh
Okawaru
Qazlal
Ru
Sif Muna
Trog
Uskayaw
Vehumet
Wu Jian
Xom
Yredelemnul
Zin
The Shining One


Innate Abilities, Weirdness & Mutations

You are too large for most types of armour.
You have claws for hands.
Your metabolism is lightning-fast.
You like to eat raw meat.
Your natural rate of healing is unusually fast.
You are covered in fur. (AC +1)
You have very tough skin. (AC +2)


Message History

You claw the ice beast!
The ice beast is heavily wounded.
The ice beast barely misses you.
Unknown command.
You barely miss the ice beast.
The ice beast is heavily wounded.
You mangle the ice beast!!
You kill the ice beast!
Okawaru accepts your kill.
The cyclops throws a large rock.
The large rock hits you!
* * * LOW HITPOINT WARNING * * *
Unknown command.
The adder closely misses you.
Things that are here:
a shortbow; 15 arrows; 26 gold pieces Unknown command.
You claw the cyclops!
The cyclops is moderately wounded.
The cyclops hits you!!
You die...

..# ...... #%#
...... #.##...
...... # #..#..#
......
###.###.....#
......
#.8.8.#.##..# ...
......
....C.SC##..##..#
#.....
#@##..##..#
#.....
#.(...##..#
#.....
.###..†..##..#
#.....
........†.##..#
#....z
#...#####.##..#
#..... ##..
#.....# #..... #.
#.....# #..... #
#.....# #.....
#.....###.....


You could see 2 cyclopes and an adder.

Vanquished Creatures
  A centaur warrior (D:9)
  3 death yaks (D:9)
  The ghost of kal9871 the Martial Artist, a novice DgTm (D:8)
  A troll (D:8)
  A wyvern (D:9)
  4 yaks (D:9)
  Eustachio (D:5)
  A hungry ghost (D:7)
  Edmund (D:5)
  Menkaure (D:5)
  Duvessa (D:5)
  An orc warrior (D:8)
  6 sky beasts
  4 ice beasts
  A black bear (D:8)
  3 phantoms
  3 ogres
  2 centaurs
  A big kobold (D:7)
  3 elf skeletons (D:6)
  4 bullfrogs
  Dowan (D:5)
  A wyvern skeleton (D:7)
  3 scorpions
  25 wights
  4 howler monkeys (D:9)
  2 crimson imps
  A centaur zombie (D:6)
  A hound (D:8)
  A human zombie (Ossuary)
  2 jellies
  A gnoll shaman (D:4)
  5 orc priests
  10 orc wizards
  A bullfrog skeleton (D:9)
  A centaur skeleton (D:4)
  2 iguanas
  A human skeleton (D:6)
  5 worker ants
  A hound zombie (D:7)
  3 mummies (Ossuary)
  12 adders
  5 gnolls (D:4)
  An ooze (D:6)
  2 adder zombies
  An adder skeleton (D:4)
  3 worms
  2 dart slugs
  9 leopard geckos
  31 orcs
  A ball python (D:4)
  14 bats
  7 giant cockroaches
  7 goblins
  5 hobgoblins
  10 jackals
  5 quokkas
  7 frilled lizards
  A gnoll zombie (Ossuary)
  2 goblin zombies (Ossuary)
  2 hobgoblin zombies (Ossuary)
  A jackal zombie (D:6)
  11 kobolds
  4 kobold zombies (Ossuary)
  A leopard gecko zombie (D:8)
  2 orc zombies (D:6)
  3 quokka zombies (Ossuary)
  4 rats
  4 rat zombies (Ossuary)
272 creatures vanquished.

Notes
Turn   | Place    | Note
-------+----------+-------------------------------------------
     0 | D:1      | trolled the Troll Monk began the quest for the Orb.
     0 | D:1      | Reached XP level 1. HP: 22/22 MP: 0/0
   150 | D:1      | Reached XP level 2. HP: 29/29 MP: 1/1
   532 | D:1      | Reached skill level 4 in Unarmed Combat
   562 | D:1      | Reached XP level 3. HP: 33/36 MP: 2/2
   874 | D:2      | Reached XP level 4. HP: 41/44 MP: 3/3
  1369 | D:3      | Reached skill level 5 in Unarmed Combat
  1780 | D:4      | Reached XP level 5. HP: 51/53 MP: 4/4
  1941 | D:4      | Reached skill level 1 in Evocations
  1941 | D:4      | Reached XP level 6. HP: 31/61 MP: 5/5
  2049 | D:5      | Entered Level 5 of the Dungeon
  2118 | D:4      | Reached skill level 6 in Unarmed Combat
  2190 | D:4      | Found a blossoming altar of Fedhas.
  2473 | D:4      | Found a staircase to the Ecumenical Temple.
  2482 | Temple   | Entered the Ecumenical Temple
  2590 | Temple   | Became a worshipper of Warmaster Okawaru
  2590 | Temple   | Reached * piety under Okawaru
  2590 | Temple   | Reached ** piety under Okawaru
  2827 | D:5      | Noticed Menkaure
  2838 | D:5      | Killed Menkaure
  2838 | D:5      | Reached XP level 7. HP: 32/68 MP: 4/7
  3028 | D:5      | Noticed Edmund
  3035 | D:5      | Killed Edmund
  3035 | D:5      | Reached skill level 7 in Unarmed Combat
  3087 | D:5      | Noticed Eustachio
  3299 | D:5      | Killed Eustachio
  3299 | D:5      | Reached *** piety under Okawaru
  3299 | D:5      | Reached XP level 8. HP: 74/79 MP: 5/9
  3497 | D:5      | Noticed Duvessa
  3498 | D:5      | Noticed Dowan
  3504 | D:5      | Killed Duvessa
  3504 | D:5      | Reached skill level 8 in Unarmed Combat
  3507 | D:5      | Killed Dowan
  3846 | D:6      | Found a sand-covered staircase.
  3851 | Ossuary  | Entered an ossuary
  4003 | D:6      | Reached skill level 5 in Fighting
  4277 | D:6      | Reached skill level 9 in Unarmed Combat
  4342 | D:6      | Reached **** piety under Okawaru
  4547 | D:6      | Reached XP level 9. HP: 72/88 MP: 10/10
  4675 | D:7      | Found a shimmering altar of Xom.
  4749 | D:7      | Reached skill level 10 in Unarmed Combat
  5675 | D:7      | Reached ***** piety under Okawaru
  5875 | D:8      | Received a gift from Okawaru
  5916 | D:8      | Reached XP level 10. HP: 95/100 MP: 12/12
  6052 | D:8      | Noticed kal9871's ghost (novice DgTm)
  6075 | D:8      | Killed kal9871's ghost
  6075 | D:8      | Reached skill level 11 in Unarmed Combat
  6075 | D:8      | Reached skill level 5 in Evocations
  7425 | D:9      | Noticed a death yak
  7438 | D:9      | Noticed a death yak
  7442 | D:9      | Killed a death yak
  7444 | D:9      | Noticed a death yak
  7448 | D:9      | Killed a death yak
  7469 | D:9      | Killed a death yak
  7469 | D:9      | Reached skill level 12 in Unarmed Combat
  7469 | D:9      | Reached XP level 11. HP: 44/111 MP: 14/14
  7677 | D:9      | Found a staircase to the Lair.
  7991 | D:9      | Noticed a centaur warrior
  7996 | D:9      | Killed a centaur warrior
  7996 | D:9      | Received a gift from Okawaru
  7996 | D:9      | Reached skill level 1 in Invocations
  8008 | D:9      | Mangled by a cyclops

Vault maps used:
D:1:      minmay_arrival_stair_chambers, minmay_octomino_e4
D:2:      st_stairs_6, minmay_crystal_water
D:3:      first_bread
D:4:      lemuel_coloured_pillars_altar, temple_hall, kennysheep_small_spiral,
          st_stairs_11
D:5:      uniq_duvessa, uniq_eustachio, uniq_menkaure, uniq_edmund
D:6:      nicolae_ossuary_entry_catacombs
D:7:      grunt_ogre_cave, xom_teletrap_fun
D:8:      roderic_lattice_a, minmay_orc_keep
D:9:      minmay_the_grid_square_5x5_4x4, dpeg_lair_monsters
Temple:   kilobyte_greek_temple
Ossuary:  ossuary_minmay_chase

Skill      XL: |  1  2  3  4  5  6  7  8  9 10 11 |
---------------+----------------------------------+-----
Unarmed Combat | 4 5 6 7 9 10 12 | 12.2
Fighting       | 3 4 5 6 7 8 |  8.3
Evocations     | 1 2 3 4 6 |  6.5
Invocations    | 1 |  1.7
Dodging        | |  2.4
Stealth        | |  1.0

Action                   |  1- 3 |  4- 6 |  7- 9 | 10-12 || total
-------------------------+-------+-------+-------+-------++-------
Melee: Unarmed           |    92 |   177 |   328 |   166 ||   763
       Punch             |     1 |     2 |    14 |    11 ||    28
Throw: Stone             |       |       |     1 |       ||     1
Invok: Heroism           |       |     1 |     7 |     6 ||    14
 Abil: Evoke Berserk Rag |       |       |       |     2 ||     2
Evoke: Wand              |       |       |     2 |     4 ||     6
  Use: Scroll            |     1 |    18 |     9 |     1 ||    29
       Potion            |       |       |       |     2 ||     2
 Stab: Sleeping          |     2 |     2 |     5 |     2 ||    11
       Distracted        |       |       |     1 |     1 ||     2
       Invisible         |       |       |       |     9 ||     9
  Eat: Chunk             |    13 |    16 |    25 |    17 ||    71
       Bread ration      |       |       |       |     1 ||     1
Armor: Robe              |    42 |    40 |    86 |    46 ||   214
Dodge: Dodged            |    60 |    67 |   121 |    86 ||   334

Table legend:
 A = Spawn XP
 B = Non-spawn XP
 C = Spawn XP percentage of total XP
 D = Spawn monster count
 E = Non-spawn monster count
 F = Spawn count percentage of total count
 G = Total turns spent on level
                    A         B        C        D         E        F      G
               +---------+---------+-------+---------+---------+-------+---------
         Total |    1105 |   12505 |   8.1 |      26 |     246 |   9.6 |  8008
               +---------+---------+-------+---------+---------+-------+---------
           D:1 |      10 |      33 |  23.3 |       5 |      21 |  19.2 |   709
           D:2 |       2 |      77 |   2.5 |       2 |      22 |   8.3 |   466
           D:3 |       1 |      68 |   1.4 |       1 |      21 |   4.5 |   596
           D:4 |     133 |     381 |  25.9 |       2 |      25 |   7.4 |   769
           D:5 |     129 |     928 |  12.2 |       1 |      13 |   7.1 |   912
           D:6 |      88 |     912 |   8.8 |       1 |      19 |   5.0 |   847
           D:7 |     184 |    2304 |   7.4 |       4 |      50 |   7.4 |  1279
           D:8 |     558 |    1805 |  23.6 |      10 |      24 |  29.4 |  1554
           D:9 |       0 |    5874 |   0.0 |       0 |      30 |   0.0 |   583
       Ossuary |       0 |     123 |   0.0 |       0 |      21 |   0.0 |   144
               +---------+---------+-------+---------+---------+-------+---------
